 Dungeon Crawl Stone Soup version 0.29.1-14-g9c671dbff4 (webtiles) character file.

Game seed: 6008147461437442208

247 lmSkywalker the Vexing (level 6, -27/47 HPs)
             Began as a Gnoll Arcane Marksman on Feb 12, 2023.
             Was a Follower of Jiyva.
             Killed by an exploding water moccasin (52 damage)
             ... ignited by their inner flame
             ... on level 6 of the Dungeon.
             The game lasted 00:19:16 (4124 turns).

lmSkywalker the Vexing (Gnoll Arcane Marksman)      Turns: 4124, Time: 00:19:16

Health: -27/47     AC:  3    Str:  9    XL:     6   Next: 11%
Magic:  10/11      EV: 14    Int: 19    God:    Jiyva [*.....]
Gold:   244        SH:  0    Dex: 14    Spells: 4/11 levels left

rFire   . . .      SeeInvis .   a - +1 sling
rCold   . . .      Faith    .   (no shield)
rNeg    . . .      Spirit   .   c - +0 robe
rPois   .          Reflect  .   (no helmet)
rElec   .          Harm     .   (no cloak)
rCorr   .          Rampage  .   m - +0 pair of gloves
Will    .....                   (no boots)
Stlth   ++........              (no amulet)
HPRegen 0.95/turn               h - +6 ring of intelligence
MPRegen 0.37/turn               (no ring)

@: lethally poisoned (-27 -> -28), hasted, very quick
A: fangs 1, strong nose, distributed training
a: Renounce Religion


You were on level 6 of the Dungeon.
You worshipped Jiyva.
Jiyva was aware of your devotion.
You visited 1 branch of the dungeon, and saw 5 of its levels.
You also visited: Sewer.

You collected 244 gold pieces.

Inventory:

Hand Weapons
 a - a +1 sling (weapon)
 d - a +0 spear
 g - a +0 short sword
Missiles
 o - 6 poisoned darts
Armour
 c - a +0 robe (worn)
 m - a +0 pair of gloves (worn)
 p - a +0 leather armour
Jewellery
 h - a +6 ring of intelligence (left hand)
Scrolls
 b - 2 scrolls of poison
 e - 2 scrolls of amnesia
 j - 2 scrolls of immolation {unknown}
 l - 2 scrolls of identify {unknown}
 q - a scroll of magic mapping {unknown}
Potions
 k - a potion of magic {unknown}
 n - a potion of attraction
 s - a potion of cancellation {unknown}
 t - a potion of mutation {unknown}


   Skills:
 + Level 3.2 Fighting
 + Level 1.9 Short Blades
 + Level 1.9 Long Blades
 + Level 1.9 Axes
 + Level 1.9 Maces & Flails
 + Level 1.9 Polearms
 + Level 1.9 Staves
 + Level 4.9 Ranged Weapons
 + Level 1.9 Throwing
 + Level 1.9 Armour
 + Level 4.9 Dodging
 + Level 1.9 Stealth
 + Level 1.9 Shields
 + Level 1.9 Unarmed Combat
 + Level 3.4 Spellcasting
 + Level 1.5 Conjurations
 + Level 5.6 Hexes
 + Level 1.5 Summonings
 + Level 1.5 Necromancy
 + Level 1.5 Translocations
 + Level 1.5 Transmutations
 + Level 1.5 Fire Magic
 + Level 1.5 Ice Magic
 + Level 1.5 Air Magic
 + Level 1.5 Earth Magic
 + Level 1.5 Poison Magic
 + Level 2.1 Invocations
 + Level 1.9 Evocations


You had 4 spell levels left.
You knew the following spells:

 Your Spells              Type           Power      Damage    Failure   Level
a - Slow                  Hex            96%        N/A       1%          1
b - Inner Flame           Hex/Fire       16%        N/A       10%         3
c - Portal Projectile     Hex/Tloc       32%        N/A       10%         3

Your spell library contained the following spells:

 Spells                   Type           Power      Damage    Failure   Level
 Necrotise                Necr           32%        1d5       8%          1
 Shock                    Conj/Air       32%        1d5       8%          1
 Cause Fear               Hex            12%        N/A       14%         4
 Swiftness                Air            8%         N/A       24%         3
 Airstrike                Air            4%         2d(1-17)  61%         4


Dungeon Overview and Level Annotations

Branches:
Dungeon (4/15)              Sewer (visited)
 Temple: D:4-7

Altars:
Kikubaaqudgha

Annotations:
D:2 Jessica


Innate Abilities, Weirdness & Mutations

You have very sharp teeth.
Your uncanny sense of smell can sniff out nearby items.
Your experience applies equally to all skills.


Message History

Press: ? - help, Q - select action, (/) - cycle Shift-Dir - straight line, f/p - water moccasin
Aim: a water moccasin (heavily wounded, inner flame, 42% to hit)
You shoot a sling bullet.
The sling bullet closely misses the water moccasin.
You feel sick. The water moccasin bites you!
* * * LOW HITPOINT WARNING * * *
Fire: a) +1 sling
Press: ? - help, Q - select action, (/) - cycle Shift-Dir - straight line, f/p - water moccasin
Aim: a water moccasin (heavily wounded, inner flame, 42% to hit)
You shoot a sling bullet.
The sling bullet misses the water moccasin.
The water moccasin barely misses you.
Fire: a) +1 sling
Press: ? - help, Q - select action, (/) - cycle Shift-Dir - straight line, f/p - water moccasin
Aim: a water moccasin (heavily wounded, inner flame, 42% to hit)
You shoot a sling bullet.
The sling bullet barely misses the water moccasin.
You feel sick. The water moccasin misses you.
It was a potion of heal wounds.
You feel much better.
You feel sick. The water moccasin closely misses you.
Fire: a) +1 sling
Press: ? - help, Q - select action, (/) - cycle Shift-Dir - straight line, f/p - water moccasin
Aim: a water moccasin (heavily wounded, inner flame, 42% to hit)
You shoot a sling bullet.
The sling bullet hits the water moccasin.
Flame seeps out of the water moccasin.
The water moccasin is heavily wounded.
You feel sick.
The water moccasin is engulfed in blazing flames.
Flame seeps out of the water moccasin.
The water moccasin barely misses you.
Fire: a) +1 sling
Press: ? - help, Q - select action, (/) - cycle Shift-Dir - straight line, f/p - water moccasin
Aim: a water moccasin (flame, almost dead, inner flame, 42% to hit)
You shoot a sling bullet.
The sling bullet barely misses the water moccasin.
The water moccasin is engulfed in blazing flames.
The water moccasin explodes!
The fiery explosion engulfs you!!!
Ouch! That really hurt!
You die...

#........##..........#
##.....#.#######.#####
#.....#.# ####'###
#####.#.# #......#
..#.# #......# ###.#
#......# ..####§.....#
#.§○§.....# #@.....#
#......# ########


There were no monsters in sight!

Vanquished Creatures
  A water moccasin (D:6)
  A scorpion (D:6)
  A jelly (Sewer)
  3 river rats (Sewer)
  4 adders
  A worm (D:3)
  2 dart slugs
  An orc (D:3)
  9 ball pythons
  8 bats
  10 endoplasms
  7 giant cockroaches
  7 goblins
  4 hobgoblins
  3 jackals (D:1)
  5 quokkas
  6 frilled lizards
  2 kobolds
  7 rats
82 creatures vanquished.

Vanquished Creatures (others)
  An adder (D:3)
  A worm (Sewer)
  2 orcs (D:3)
  2 ball pythons (D:3)
  An endoplasm (D:3)
  A frilled lizard (D:3)
  2 rats (D:3)
  A fungus (D:1)
  6 plants (D:2)
17 creatures vanquished.

Grand Total: 99 creatures vanquished

Notes
Turn   | Place    | Note
-------+----------+-------------------------------------------
     0 | D:1      | lmSkywalker the Gnoll Arcane Marksman began the quest for
                  | the Orb.
     0 | D:1      | Reached XP level 1. HP: 17/17 MP: 4/4
   388 | D:1      | Reached XP level 2. HP: 19/23 MP: 3/5
   453 | D:1      | Found a faded altar of an unknown god.
   462 | D:1      | Got Plato's Compendium of Mortification
  1032 | D:1      | Reached XP level 3. HP: 28/28 MP: 7/7
  1214 | D:2      | Reached skill level 1 in Invocations
  1699 | D:2      | Reached skill level 1 in Short Blades
  1699 | D:2      | Reached skill level 1 in Long Blades
  1699 | D:2      | Reached skill level 1 in Axes
  1699 | D:2      | Reached skill level 1 in Maces & Flails
  1699 | D:2      | Reached skill level 1 in Polearms
  1699 | D:2      | Reached skill level 1 in Staves
  1699 | D:2      | Reached skill level 1 in Throwing
  1699 | D:2      | Reached skill level 1 in Armour
  1699 | D:2      | Reached skill level 1 in Stealth
  1699 | D:2      | Reached skill level 1 in Shields
  1699 | D:2      | Reached skill level 1 in Unarmed Combat
  1699 | D:2      | Reached skill level 1 in Evocations
  1751 | D:2      | Reached XP level 4. HP: 34/34 MP: 5/8
  1760 | D:2      | Noticed Jessica
  2402 | D:3      | Found a glowing drain.
  2422 | D:3      | Reached skill level 1 in Conjurations
  2422 | D:3      | Reached skill level 1 in Summonings
  2422 | D:3      | Reached skill level 1 in Necromancy
  2422 | D:3      | Reached skill level 1 in Translocations
  2422 | D:3      | Reached skill level 1 in Transmutations
  2422 | D:3      | Reached skill level 1 in Fire Magic
  2422 | D:3      | Reached skill level 1 in Ice Magic
  2422 | D:3      | Reached skill level 1 in Air Magic
  2422 | D:3      | Reached skill level 1 in Earth Magic
  2422 | D:3      | Reached skill level 1 in Poison Magic
  2483 | Sewer    | Entered a sewer
  2787 | Sewer    | Reached XP level 5. HP: 39/40 MP: 9/9
  3034 | Sewer    | Found a viscous altar of Jiyva.
  3044 | Sewer    | Became a worshipper of Jiyva Jaelioj the Shapeless
  3632 | D:3      | Found an ancient bone altar of Kikubaaqudgha.
  3697 | D:3      | Learned a level 3 spell: Inner Flame
  3701 | D:3      | Learned a level 3 spell: Portal Projectile
  3965 | D:4      | Reached * piety under Jiyva
  4035 | D:4      | You fall into a shaft and drop 2 floors!
  4046 | D:6      | Noticed a water moccasin
  4098 | D:6      | Noticed a water moccasin
  4111 | D:6      | Reached XP level 6. HP: 24/47 MP: 9/11
  4119 | D:6      | HP: 2/47 [water moccasin (8)]
  4124 | D:6      | Killed a water moccasin
  4124 | D:6      | Killed by an exploding water moccasin... ignited by their
                  | inner flame

Illustrated notes

Levels and vault maps discovered:
D:1:      lemuel_arrival_muddy, layout_basic,
          shapermc_ecumenical_altar_rom_forum, minmay_tromino_i4
D:2:      layout_basic, serial_forest, infiniplex_forest_clump_medium,
          infiniplex_forest_straight_4, infiniplex_forest_end_double,
          infiniplex_forest_diagonal, infiniplex_forest_clump_small,
          infiniplex_forest_end_1, uniq_jessica
D:3:      layout_basic, lemuel_doored_altar, cheibrodos_sewer_entry_drain
D:4:      layout_cave_pools, gammafunk_ghost_mausoleum
D:6:      layout_basic, kennysheep_generic_room_15

Skill      XL: |  1  2  3  4  5 |
---------------+----------------+-----
Invocations    | 1 2 |  2.1
Short Blades   | 1 |  1.9
Long Blades    | 1 |  1.9
Axes           | 1 |  1.9
Maces & Flails | 1 |  1.9
Polearms       | 1 |  1.9
Staves         | 1 |  1.9
Throwing       | 1 |  1.9
Armour         | 1 |  1.9
Stealth        | 1 |  1.9
Shields        | 1 |  1.9
Unarmed Combat | 1 |  1.9
Evocations     | 1 |  1.9
Spellcasting   | 3 |  3.4
Conjurations   | 1 |  1.5
Summonings     | 1 |  1.5
Necromancy     | 1 |  1.5
Translocations | 1 |  1.5
Transmutations | 1 |  1.5
Fire Magic     | 1 |  1.5
Ice Magic      | 1 |  1.5
Air Magic      | 1 |  1.5
Earth Magic    | 1 |  1.5
Poison Magic   | 1 |  1.5
Fighting       | 3 |  3.2
Ranged Weapons | |  4.9
Dodging        | |  4.9
Hexes          | |  5.6

Action                   |  1- 3 |  4- 6 || total
-------------------------+-------+-------++-------
Melee: Sling             |     6 |     1 ||     7
       Bite              |     1 |     1 ||     2
       Punch             |       |     1 ||     1
 Fire: Sling             |   155 |   176 ||   331
 Cast: Slow              |     7 |    12 ||    19
       Inner Flame       |       |     2 ||     2
  Use: Scroll            |       |     3 ||     3
       Potion            |       |     4 ||     4
Armor: Robe              |    12 |    13 ||    25
Dodge: Dodged            |    46 |    69 ||   115
